 Dungeon Crawl Stone Soup version 0.26-a0-812-g31a745ddcd (webtiles) character file.

Game seed: 13968556025070709153

58 Dracia the Insei (level 3, -9/28 HPs)
             Began as a Draconian Transmuter on Nov 30, 2020.
             Mangled by a gnoll
             ... wielding a +0 halberd
              (11 damage)
             ... on level 3 of the Dungeon.
             The game lasted 00:02:45 (1731 turns).

Dracia the Insei (Draconian Transmuter)             Turns: 1731, Time: 00:02:46

Health: -9/28      AC:  6    Str: 12    XL:     3   Next: 76%
Magic:  3/6        EV: 12    Int: 13    God:
Gold:   101        SH:  0    Dex: 12    Spells: 3/6 levels left

rFire    . . .     SeeInvis .     - Unarmed
rCold    . . .     Faith    .   (no shield)
rNeg     . . .     Spirit   .   (armour unavailable)
rPois    .         Reflect  .   (helmet restricted)
rElec    .         Harm     .   (no cloak)
rCorr    +         Rampage  .   a - +0 pair of gloves
MR       .....                  (no boots)
Stlth    +.........             (no amulet)
HPRegen  0.09/turn              c - ring of resist corrosion
MPRegen  0.10/turn              (no ring)

@: wereblooded, very slightly contaminated
A: unfitting armour, cold-blooded, AC +5
a: no special abilities


You were on level 3 of the Dungeon.
You visited 1 branch of the dungeon, and saw 3 of its levels.

You collected 101 gold pieces.


Innate Abilities, Weirdness & Mutations

Your plain brown scales are hard. (AC +5)
You cannot fit into any form of body armour.
You are cold-blooded and may be slowed by cold attacks.


   Skills:
 - Level 1.1 Fighting
 - Level 1.7 Dodging
 * Level 4.2 Unarmed Combat
 - Level 2.0 Spellcasting
 + Level 2.8 Transmutations


You had 3 spell levels left.
You knew the following spells:

 Your Spells              Type           Power        Failure   Level
a - Beastly Appendage     Tmut           #.....       8%          1
b - Wereblood             Tmut           #.......     12%         2

Your spell library contained the following spells:

 Spells                   Type           Power        Failure   Level
 Spider Form              Tmut/Pois      #.........   38%         3
 Ice Form                 Ice/Tmut       #.......     80%         4
 Blade Hands              Tmut           #.........   91%         5

Inventory:

Armour
 a - a +0 pair of gloves (worn)
Jewellery
 c - a ring of resist corrosion (left hand)
 f - an uncursed ring of ice
Scrolls
 b - a scroll of identify {unknown}
 e - 2 scrolls of noise {unknown}
 i - a scroll of fog {unknown}
Potions
 d - a potion of heal wounds {unknown}
 g - a potion of berserk rage {unknown}
 h - a potion of degeneration {unknown}

Dungeon Overview and Level Annotations

Branches:
Dungeon (3/15)

Altars:

####### #
#..@)g#
#.###########g#
...PP8......g#
####..P.....###
............+
###.P.....g#
####.....#
#....r#
#>........


You could see 2 gnolls.


Message History

The gnoll closely misses you.
Casting: Wereblood (safe; 12% risk of failure)
Confirm with . or Enter, or press ? or * to list all spells.
You miscast Beastly Appendage.
You are very lightly contaminated with residual magic.
Nothing appears to happen.
The gnoll closely misses you.
Things that are here:
a +0 club; a hobgoblin corpse You hit the gnoll.
Your tail-slap misses the gnoll.
The gnoll is heavily wounded.
You hit the gnoll.
The gnoll is severely wounded.
The gnoll hits you with a +0 halberd. The gnoll hits you with a +0 club.
You hit the gnoll. Your kick misses the gnoll.
The gnoll is severely wounded.
The gnoll hits you from afar with a +0 spear!
The gnoll hits you with a +0 halberd.
* * * LOW HITPOINT WARNING * * *
The gnoll barely misses you.
You are too injured to fight recklessly!
You closely miss the gnoll.
The gnoll is severely wounded.
Your horns disappear.
Your talons disappear.
The gnoll hits you from afar with a +0 spear.
* * * LOW HITPOINT WARNING * * *
The gnoll closely misses you. The gnoll hits you with a +0 club.
* * * LOW HITPOINT WARNING * * *
There is a stone staircase leading up here.
The gnoll hits you from afar with a +0 halberd!
You die...

Skill      XL: |  1  2  3 |
---------------+----------+-----
Unarmed Combat | 4 |  4.2
Fighting       | |  1.1
Dodging        | |  1.7
Spellcasting   | |  2.0
Transmutations | |  2.8

Action                   || total
-------------------------++-------
Melee: Unarmed           ||   126
       Tailslap          ||    14
       Kick              ||     6
       Headbutt          ||     5
       Punch             ||     2
 Cast: Beastly Appendage ||    12
       Wereblood         ||     1
  Use: Scroll            ||     1
Armor: Skin              ||    37
Dodge: Dodged            ||   107

Levels and vault maps discovered:
D:1:      lemuel_arrival_cross, layout_basic, minivault_26, st_stairs_1
D:2:      layout_rooms, lemuel_old_faithful
D:3:      layout_basic, elyvilon_altar_4, serial_undead, serial_undead_e,
          serial_undead_c, serial_undead_e, serial_undead_a, serial_undead_a,
          serial_undead_f, uniq_ijyb, uniq_natasha, uniq_jessica

Notes
Turn   | Place    | Note
-------+----------+-------------------------------------------
     0 | D:1      | Dracia the Draconian Transmuter began the quest for the
                  | Orb.
     0 | D:1      | Reached XP level 1. HP: 16/16 MP: 3/3
   133 | D:1      | You fall into a shaft and drop 1 floor!
   170 | D:2      | Reached XP level 2. HP: 16/23 MP: 3/5
   391 | D:2      | Learned a level 2 spell: Wereblood
   572 | D:2      | Reached XP level 3. HP: 11/28 MP: 4/6
  1104 | D:1      | Reached skill level 4 in Unarmed Combat
  1729 | D:3      | HP: 2/28 [gnoll/+0 club (4)]
  1731 | D:3      | Mangled by a gnoll

Vanquished Creatures
  An adder (D:2)
  A worm (D:2)
  2 leopard geckos (D:1)
  3 giant cockroaches
  7 goblins
  7 hobgoblins
  3 jackals (D:2)
  A ball python (D:2)
  6 bats
  2 frilled lizards (D:2)
  3 kobolds
  6 rats
42 creatures vanquished.

Vanquished Creatures (others)
  A bat (D:2)
  A kobold (D:2)
  A withered plant (D:3)
3 creatures vanquished.

Grand Total: 45 creatures vanquished

Table legend: (Time is in decaauts)
 A = Elapsed time spent in this place.
 B = Non-inter-level travel time spent in this place.
 C = Inter-level travel time spent in this place.
 D = Time resting spent in this place.
 E = Time spent auto-exploring this place.
 F = Levels seen in this place.
 G = Mean time per level.
                   A        B        C        D        E       F      G
               +--------+--------+--------+--------+--------+-----+--------+
         Total |   1722 |   1631 |     91 |      0 |   1346 |   3 |  574.0 |
       Dungeon |   1722 |   1631 |     91 |      0 |   1346 |   3 |  574.0 |
               +--------+--------+--------+--------+--------+-----+--------+

Top non-repeatable levels by time:
     D:2: 973 daAuts
     D:1: 715 daAuts
     D:3: 33 daAuts

Table legend:
 A = Non-vault XP
 B = Vault XP
 C = Vault XP percentage of total XP
 D = Non-vault monster count
 E = Vault monster count
 F = Vault count percentage of total count
                 A         B        C        D         E       F
            +---------+---------+-------+---------+---------+-------
      Total |      79 |       5 |   6.0 |      39 |       3 |   7.1
            +---------+---------+-------+---------+---------+-------
        D:1 |      32 |       5 |  13.5 |      18 |       3 |  14.3
        D:2 |      44 |       0 |   0.0 |      19 |       0 |   0.0
        D:3 |       3 |       0 |   0.0 |       2 |       0 |   0.0
            +---------+---------+-------+---------+---------+-------
